 Dungeon Crawl Stone Soup version 0.17.0-24-gcfadda4 (webtiles) character file.

606 oplop the Insei (level 7, -1/47 HPs)
             Began as an Octopode Transmuter on Nov 17, 2015.
             Slain by a centaur (10 damage)
             ... on level 5 of the Dungeon.
             The game lasted 00:05:22 (4172 turns).

oplop the Insei (Octopode Transmuter)               Turns: 4172, Time: 00:05:22

Health: -1/47      AC:  2    Str: 12    XL:     7   Next: 42%
Magic:  10/12      EV: 19    Int: 15    God:
Gold:   238        SH:  0    Dex: 17    Spells: 3 memorised, 7 levels left

rFire  . . .     SeeInvis +       - Unarmed
rCold  . . .     Clarity  .     (shield currently unavailable)
rNeg   . . .     SustAt   .     (helmet currently unavailable)
rPois  x         Gourm    .     (no amulet)
rElec  .         Spirit   .     n - ring of see invisible
rCorr  .         Warding  .     (no ring)
rMut   .         Stasis   .     (no ring)
MR     .....                    (no ring)
Stlth  ++........               (no ring)
                                (no ring)
                                (no ring)
                                (no ring)

@: spider-form (expiring), not resistant to hostile enchantments, unstealthy
A: almost no armour, amphibious, 8 rings, (constrict 8), (camouflage 0),
(gelatinous body 0)
a: End Transformation


You were on level 5 of the Dungeon.
You were not hungry.
You were a venomous arachnid creature.
You visited 1 branch of the dungeon, and saw 6 of its levels.

You collected 238 gold pieces.

Inventory:

Hand Weapons
 f - a +2 short sword of electrocution (melded)
Missiles
 a - 32 arrows
Jewellery
 h - an uncursed amulet of clarity {unknown}
 n - a ring of see invisible (left front leg)
Scrolls
 e - a scroll of teleportation
 g - 3 scrolls of remove curse {unknown}
 i - a scroll of random uselessness {unknown}
 l - a scroll of fog {unknown}
 o - a scroll of fear {unknown}
 p - a scroll of recharging {unknown}
 s - 5 scrolls of amnesia {unknown}
 t - 3 scrolls of identify {unknown}
 w - 2 scrolls of enchant armour {unknown}
Potions
 d - a potion of degeneration {unknown}
 k - 3 potions of curing
 q - 2 potions of agility {unknown}
 r - a potion of flight {unknown}
 u - a potion of poison {unknown}
 v - 2 potions of haste {unknown}
 x - a potion of heal wounds {unknown}
 z - a potion of invisibility {unknown}
Books
 b - a book of Changes

   Spells                             Type                      Level
   a - Beastly Appendage              Transmutation                1
   b - Sticks to Snakes               Transmutation                2
   c - Spider Form                    Transmutation/Poison         3
   d - Ice Form                       Ice/Transmutation            4
   e - Blade Hands                    Transmutation                5
Comestibles
 c - 2 bread rations
 j - 4 meat rations
 m - 2 slices of pizza


   Skills:
 + Level 3.9 Fighting
 - Level 2.0 Dodging
 + Level 4.6 Unarmed Combat
 + Level 3.8 Spellcasting
 + Level 4.4 Transmutations
 + Level 1.0 Poison Magic


You had 7 spell levels left.
You knew the following spells:

 Your Spells              Type           Power        Failure   Level  Hunger
a - Beastly Appendage     Trmt           ###...       12%         1    None
b - Sticks to Snakes      Trmt           ###.......   17%         2    ##.....
c - Spider Form           Trmt/Pois      ##........   41%         3    ###....


Dungeon Overview and Level Annotations

Branches:
Dungeon (6/15)             Temple (0/1) D:4

Altars:
Ashenzari
Makhleb
Nemelex Xobeh

Annotations:
D:4 oplop's ghost, amateur OpTm


Innate Abilities, Weirdness & Mutations

You cannot wear most types of armour.
You are amphibious.
You can wear up to eight rings at the same time.
((You can use your tentacles to constrict eight enemies at once.))
((Your skin changes colour to match your surroundings (Stealth).))
((Your rubbery body absorbs attacks (AC +1).))


Message History

Drink which item? (? for menu, Esc to quit)
You feel better. The centaur closely misses you.
You hit the centaur but do no damage.
The centaur is poisoned.
The centaur closely misses you. The centaur misses you.
You hit the centaur but do no damage.
The centaur looks even sicker.
The centaur closely misses you.
You hit the centaur.
The centaur looks even sicker.
The centaur is lightly wounded.
The centaur closely misses you. The centaur misses you.
You hit the centaur but do no damage.
The centaur is moderately wounded.
The centaur barely misses you.
You hit the centaur.
The centaur is moderately wounded.
Your transformation is almost over.
The centaur closely misses you.
You hit the centaur.
The centaur is heavily wounded.
The centaur hits you!
You die...

#....# ##.#####
#.##.# #.# # #.##.#
#.# # #.##.# #.# #
##.##.# #.# #..##.#
#.# #.###.# #.#
#.###.# #.# #..sc.#
#.# ####..# #.# #..#
#.# #######..####
#.# #.....#.....#
#.# #.....#.#...#
###.#
#.......#.#.###...##
#..................#
#.......#..8..#..#.#


You could see a centaur.

Vanquished Creatures
  A sky beast (D:5)
  A black bear (D:5)
  An ogre (D:5)
  A centaur (D:5)
  A crimson imp (D:3)
  A hound (D:5)
  2 worker ants
  3 adders
  A worker ant zombie (D:5)
  2 shadow imps (D:5)
  6 worms
  6 giant geckos
  2 orcs
  A ball python (D:3)
  7 bats
  3 giant cockroaches
  9 hobgoblins
  A quokka (D:1)
  2 giant newts (D:2)
  8 goblins
  3 jackals
  6 kobolds
  3 rats (D:1)
71 creatures vanquished.

Notes
Turn   | Place    | Note
--------------------------------------------------------------
     0 | D:1      | oplop the Octopode Transmuter began the quest for the Orb.
     0 | D:1      | Reached XP level 1. HP: 13/13 MP: 3/3
    93 | D:1      | Reached XP level 2. HP: 2/18 MP: 3/5
   830 | D:1      | Reached XP level 3. HP: 16/24 MP: 4/6
  1736 | D:2      | Reached XP level 4. HP: 16/29 MP: 5/7
  2329 | D:3      | Found a shattered altar of Ashenzari.
  2616 | D:3      | Found a burning altar of Makhleb.
  2627 | D:3      | Reached XP level 5. HP: 30/35 MP: 9/9
  2866 | D:4      | Found a staircase to the Ecumenical Temple.
  2915 | D:4      | Noticed oplop's ghost (amateur OpTm)
  2971 | D:4      | Found a sparkling altar of Nemelex Xobeh.
  2987 | D:4      | Noticed an ogre
  3103 | D:5      | Entered Level 5 of the Dungeon
  3144 | D:5      | Noticed a sky beast
  3158 | D:5      | Killed a sky beast
  3158 | D:5      | Reached skill level 4 in Unarmed Combat
  3158 | D:5      | Reached XP level 6. HP: 14/42 MP: 10/10
  3554 | D:5      | Noticed a black bear
  3562 | D:5      | Killed a black bear
  3562 | D:5      | Reached XP level 7. HP: 29/47 MP: 10/12
  3566 | D:5      | Learned a level 2 spell: Sticks to Snakes
  3570 | D:5      | Learned a level 3 spell: Spider Form
  3753 | D:5      | Noticed an ogre
  3783 | D:5      | Killed an ogre
  3783 | D:5      | Reached skill level 1 in Poison Magic
  4172 | D:5      | Slain by a centaur

Action                   |  1- 3 |  4- 6 |  7- 9 || total
-------------------------+-------+-------+-------++-------
Melee: Unarmed           |    93 |    61 |    15 ||   169
       Dagger            |       |    11 |       ||    11
       Short sword       |       |    17 |     8 ||    25
 Cast: Beastly Appendage |    20 |    19 |     2 ||    41
       Spider Form       |       |       |     2 ||     2
  Use: Potion            |       |     3 |     2 ||     5
       Scroll            |       |     2 |       ||     2
 Stab: Sleeping          |     8 |     3 |       ||    11
       Distracted        |     1 |       |       ||     1
  Eat: Chunk             |     3 |     3 |       ||     6
       Beef jerky        |       |     1 |       ||     1
       Royal jelly       |       |       |     2 ||     2
